 Dungeon Crawl Stone Soup version 0.18.1-8-gdd0e5ea (webtiles) character file.

303 Azru the Skirmisher (level 6, -2/66 HPs)
             Began as an Ogre Abyssal Knight on May 27, 2016.
             Was a Believer of Lugonu.
             Slain by a gnoll
             ... wielding a +0 spear
              (8 damage)
             ... on level 3 of the Dungeon.
             The game lasted 00:09:24 (3156 turns).

Azru the Skirmisher (Ogre Abyssal Knight)           Turns: 3156, Time: 00:09:25

Health: -2/66      AC:  1    Str: 18    XL:     6   Next: 38%
Magic:  8/8        EV: 10    Int: 13    God:    Lugonu [**....]
Gold:   272        SH:  0    Dex:  9    Spells: 0 memorised, 5 levels left

rFire  . . .     SeeInvis .     a - +1 mace
rCold  . . .     Gourm    .     h - -2 robe (curse)
rNeg   . . .     Faith    .     (no shield)
rPois  .         Spirit   .     (helmet restricted)
rElec  .         Dismiss  .     (no cloak)
rCorr  .         Reflect  .     (gloves unavailable)
SustAt .         Harm     .     (boots unavailable)
MR     .....                    (no amulet)
Stlth  +.........               (no ring)
                                k - ring of flight

@: not resistant to hostile enchantments, very unstealthy
A: unfitting armour, tough skin 1
a: Depart the Abyss, Bend Space, Renounce Religion, Evoke Flight


You were on level 3 of the Dungeon.
You worshipped Lugonu.
Lugonu was pleased with you.
You were hungry.

You visited 1 branch of the dungeon, and saw 3 of its levels.
You visited the Abyss 1 time.

You collected 272 gold pieces.

Inventory:

Hand Weapons
 a - a +1 mace (weapon)
Armour
 b - a +0 robe
 h - a cursed -2 robe (worn)
Jewellery
 k - a ring of flight (left hand)
Scrolls
 d - 4 scrolls of identify
 e - 3 scrolls of teleportation
 f - a scroll of immolation
 p - a scroll of fear
 r - a scroll of amnesia
Potions
 g - a potion of heal wounds
 j - a potion of mutation
 m - a potion of flight {unknown}
 n - a potion of haste {unknown}
 o - a potion of might
 q - a potion of lignification {unknown}
Comestibles
 c - 2 bread rations
 i - a beef jerky
 l - 2 meat rations
 s - a chunk of flesh


   Skills:
 + Level 5.6 Fighting
 * Level 5.5 Maces & Flails
 + Level 3.3 Dodging
 + Level 3.5 Invocations


You had 5 spell levels left.
You didn't know any spells.

Dungeon Overview and Level Annotations

Branches:
Dungeon (3/15)

Altars:
Cheibriados
Trog


Innate Abilities, Weirdness & Mutations

You are too large for most types of armour.
You have tough skin (AC +1).


Message History

The gnoll hits you with a spear.
* * * LOW HITPOINT WARNING * * *
Things that are here:
a whip; a flail; a gnoll corpse You hit the gnoll but do no damage.
You are feeling hungry.
The gnoll closely misses you.
You hit the gnoll.
The gnoll is heavily wounded.
The gnoll closely misses you.
You barely miss the gnoll.
The gnoll is heavily wounded.
The gnoll hits you with a spear.
* * * LOW HITPOINT WARNING * * *
The gnoll hits you with a spear.
* * * LOW HITPOINT WARNING * * *
You barely miss the gnoll.
The gnoll is heavily wounded.
The gnoll hits you with a spear!
You die...

########### ......g@..#
#########.# ##### #.# .
####...########.#####
.###............##.....#
.^....._........######.#
................# #.#
................# #.#
................######.##


You could see a gnoll.

Vanquished Creatures
  Sigmund (D:3)
  Jessica (D:3)
  3 adders
  2 gnolls (D:3)
  A worm (D:2)
  4 dart slugs (D:2)
  4 giant geckos
  2 orcs (D:3)
  4 giant cockroaches
  9 goblins
  6 hobgoblins
  3 jackals (D:1)
  3 bats
  5 giant newts
  A kobold (D:2)
  8 rats
57 creatures vanquished.

Notes
Turn   | Place    | Note
--------------------------------------------------------------
     0 | Abyss:1  | Azru the Ogre Abyssal Knight began the quest for the Orb.
     0 | Abyss:1  | Reached XP level 1. HP: 24/24 MP: 2/2
    98 | Abyss:1  | Noticed a small abomination
   103 | Abyss:1  | Noticed a small abomination
   144 | Abyss:1  | Noticed a great orb of eyes
   165 | Abyss:1  | Noticed a ynoxinul
   165 | D:1      | Escaped the Abyss
   255 | D:1      | Reached * piety under Lugonu
   324 | D:1      | Reached XP level 2. HP: 12/32 MP: 3/3
  1197 | D:2      | Reached XP level 3. HP: 31/40 MP: 4/4
  1676 | D:2      | Reached XP level 4. HP: 15/49 MP: 6/6
  1918 | D:2      | Found a snail-covered altar of Cheibriados.
  2042 | D:2      | Found a faded altar to an unknown god.
  2049 | D:2      | Reached ** piety under Lugonu
  2132 | D:3      | Noticed Sigmund
  2168 | D:3      | HP: 2/49 [Sigmund/puff of flame (4)]
  2169 | D:3      | Killed Sigmund
  2169 | D:3      | Reached skill level 5 in Fighting
  2169 | D:3      | Reached skill level 5 in Maces & Flails
  2169 | D:3      | Reached XP level 5. HP: 2/57 MP: 7/7
  2169 | D:3      | Reached XP level 6. HP: 2/66 MP: 8/8
  2492 | D:3      | Found a bloodstained altar of Trog.
  2541 | D:3      | Noticed Jessica
  2563 | D:3      | Killed Jessica
  3156 | D:3      | Slain by a gnoll

Skill      XL: |  1  2  3  4 |
---------------+-------------+-----
Maces & Flails | 3 5 |  5.5
Fighting       | 5 |  5.6
Dodging        | 3 |  3.3
Invocations    | 3 |  3.5

Action                   |  1- 3 |  4- 6 || total
-------------------------+-------+-------++-------
Melee: Mace              |   122 |    96 ||   218
Invok: Depart the Abyss  |     1 |       ||     1
  Use: Potion            |       |     2 ||     2
       Scroll            |       |     6 ||     6
 Stab: Sleeping          |     1 |       ||     1
  Eat: Chunk             |     3 |     4 ||     7
Armor: Robe              |    38 |    15 ||    53
Dodge: Dodged            |    74 |    45 ||   119
